Sasquatch vs Senators
Created - January 8, 2021 at 19:21
Goals
|
| Sasquatch |
1 |
0 |
1 |
2 |
| Senators |
3 |
1 |
1 |
5 |
|
Shots
|
| Sasquatch |
17 |
5 |
4 |
26 |
| Senators |
15 |
4 |
5 |
24 |
|
1st period
1. Senators , Jack Dougherty 2 (Chandler Stephenson 9) at 3:44
2. Sasquatch , T.J. Tynan 7 (Petr Straka 12) at 17:08
3. Senators , Zachary Sanford 11 (Dylan Blujus 9) at 17:44
4. Senators , Zemgus Girgensons 10 (Tomas Jurco 14, Kevin Rooney 7) at 18:17
Penalties :
Kevin Rooney (BIN) for Holding (Minor) at 19:54
2nd period
5. Senators , Nick Foligno 18 (Jonathan Ferland 28, Keegan Lowe 15) at 15:24 (PP)
Penalties :
Roope Hintz (Gat) for Tripping (Minor) at 10:21, T.J. Tynan (Gat) for Roughing (Minor) at 14:57
3rd period
6. Sasquatch , Jujhar Khaira 31 (Roland McKeown 6) at 4:02
7. Senators , Nathan Gerbe 17 (Jonathan Ferland 29, Nick Foligno 19) at 5:58
Penalties :
Jujhar Khaira (Gat) for Tripping (Minor) at 0:22, Roope Hintz (Gat) for Holding Stick (Minor) at 6:17, Devin Shore (Gat) for Holding (Minor) at 10:39
Goalie Stats
Anders Nilsson (Gat), 15 saves from 19 shots - (0.789), L, 3-2-0, 35:24 minutes
Joonas Korpisalo (Gat), 4 saves from 5 shots - (0.800), 24:36 minutes
Justin Peters (BIN), 24 saves from 26 shots - (0.923), W, 16-11-2, 60:00 minutes
Players Stats for Sasquatch
Player Name G A P +/- PIM S H SB GA TA FO MP PP MP PK MP
------------------------------------------------------------------------------------
Brandon Montour 0 0 0 -1 0 1 0 1 0 1 0/0 27:31 1:12 4:42
Collin Miller 0 0 0 1 0 1 2 0 0 1 0/0 17:21 0:39 3:41
Devin Shore 0 0 0 -3 2 2 1 2 0 2 7/18 21:10 1:03 2:41
Dylan Sikura 0 0 0 0 0 0 1 0 1 0 0/0 7:35 0:00 0:00
Ethan Bear 0 0 0 -2 0 0 0 0 1 0 0/0 15:39 0:39 0:00
Jack Roslovic 0 0 0 0 0 1 1 1 0 0 3/6 9:09 0:00 1:18
Jujhar Khaira 1 0 1 -3 2 5 0 0 2 0 1/3 21:41 0:51 3:19
Martin Marincin 0 0 0 -2 0 1 3 0 0 0 0/0 21:11 0:08 4:42
Patrick Wey 0 0 0 -1 0 1 0 1 0 0 0/0 25:04 1:20 3:41
Petr Straka 0 1 1 1 0 1 3 0 0 0 1/1 15:10 0:51 0:00
Roland McKeown 0 1 1 1 0 0 0 1 0 0 0/0 13:14 0:00 0:00
Roope Hintz 0 0 0 1 4 1 1 0 0 0 0/1 15:47 0:05 1:06
Sam Reinhart 0 0 0 0 0 1 1 0 1 0 0/0 10:10 0:05 0:00
Sergey Kalinin 0 0 0 0 0 2 0 0 1 0 5/9 14:18 0:00 4:33
T.J. Tynan 1 0 1 1 2 3 2 0 1 1 7/14 15:31 0:51 0:21
Teemu Hartikainen 0 0 0 0 0 4 1 1 0 0 0/1 12:06 0:05 1:30
Timo Meier 0 0 0 -3 0 0 3 0 1 1 1/4 18:19 1:03 0:00
Valentin Zykov 0 0 0 0 0 2 0 0 0 0 0/0 10:36 1:03 1:58
Players Stats for Senators
Player Name G A P +/- PIM S H SB GA TA FO MP PP MP PK MP
------------------------------------------------------------------------------------
A.J. Jenks 0 0 0 0 0 1 3 0 0 0 0/0 10:18 1:09 0:00
Anthony Bitetto 0 0 0 -1 0 2 1 1 0 2 0/0 28:49 5:13 1:11
Brett Bulmer 0 0 0 0 0 0 0 0 0 0 1/1 6:59 0:00 0:00
Chandler Stephenson 0 1 1 1 0 0 0 0 0 0 2/3 13:30 0:00 0:30
Dylan Blujus 0 1 1 2 0 1 0 0 0 0 0/0 18:57 3:10 0:48
Eric Mestery 0 0 0 1 0 0 0 0 0 0 0/0 11:53 0:00 0:00
Grant Besse 0 0 0 1 0 0 2 0 0 0 1/1 13:29 0:19 0:00
Jack Dougherty 1 0 1 1 0 1 0 1 0 0 0/0 11:53 0:00 0:00
Jonathan Ferland 0 2 2 1 0 6 2 0 5 1 4/5 25:50 4:26 1:03
Joonas Lyytinen 0 0 0 0 0 0 0 0 0 0 0/0 0:00 0:00 0:00
Keegan Lowe 0 1 1 0 0 0 0 0 0 0 0/0 23:20 5:13 1:11
Kevin Rooney 0 1 1 0 2 0 0 0 0 1 4/11 19:01 3:38 0:00
Kyle Connor 0 0 0 0 0 0 0 0 0 0 0/0 0:48 0:19 0:00
Nathan Gerbe 1 0 1 1 0 5 1 0 0 0 18/32 22:18 4:26 1:03
Nick Foligno 1 1 2 1 0 2 2 0 0 0 1/3 20:44 4:22 0:26
Philippe Myers 0 0 0 -1 0 0 1 0 0 0 0/0 5:50 0:00 0:00
Scott Harrington 0 0 0 2 0 0 1 1 0 1 0/0 19:18 3:10 0:48
Tomas Jurco 0 1 1 0 0 2 0 0 1 1 0/0 9:49 0:56 0:26
Zachary Sanford 1 0 1 1 0 2 2 0 0 1 0/0 16:30 1:56 0:00
Zemgus Girgensons 1 0 1 0 0 2 4 0 0 1 1/1 18:44 3:38 0:30
3 Stars
1 - Nick Foligno (BIN)
2 - Zemgus Girgensons (BIN)
3 - Jonathan Ferland (BIN)
Power Play
Sasquatch - 0 on 1 Attempt(s) - 0.00%
Senators - 1 on 5 Attempt(s) - 20.00%
Penalty Kill
Sasquatch - 4 on 5 Attempt(s) - 80.00%
- Score 0 goal in Penalty Kill
Senators - 1 on 1 Attempt(s) - 100.00%
- Score 0 goal in Penalty Kill
Team Stat
Sasquatch - Hits : 19 - Faceoff Wins : 25 - Blocked Shots : 7 - Penalty Minutes : 10
Senators - Hits : 19 - Faceoff Wins : 32 - Blocked Shots : 3 - Penalty Minutes : 2
Official
Referees : Unknown
Linesman : Unknown
Game Notes
Tomas Jurco is injured at 14:21 of 2nd period (Back Spasms)
Joonas Korpisalo enters game at 15:24 of 2nd period
Finance
Level 1 -- Attendance: 1903 (95.15%) -- Ticket Income $62,799
Level 2 -- Attendance: 877 (87.70%) -- Ticket Income $13,155
Total Attendance: 2780 (92.67%)
Total Ticket Income: $75,954
Other Income: $3,798
Total Income: $79,752
Sasquatch
5 vs 5 Forward
Center Left Wing Right Wing Time % Phy DF OF
1 Devin Shore Jujhar Khaira Timo Meier 40 1 2 2
2 T.J. Tynan Roope Hintz Petr Straka 30 1 2 2
3 Sergey Kalinin Teemu Hartikainen Sam Reinhart 20 1 2 2
4 Jack Roslovic Valentin Zykov Dylan Sikura 10 1 2 2
5 vs 5 Defense
Defense Defense Time % Phy DF OF
1 Patrick Wey Brandon Montour 40 1 2 2
2 Martin Marincin Ethan Bear 30 1 2 2
3 Collin Miller Roland McKeown 20 1 2 2
4 Brandon Montour Patrick Wey 10 1 2 2
PowerPlay Forward
Center Left Wing Right Wing Time % Phy DF OF
1 Devin Shore Valentin Zykov Timo Meier 60 1 2 2
2 T.J. Tynan Jujhar Khaira Petr Straka 40 1 2 2
PowerPlay Defense
Defense Defense Time % Phy DF OF
1 Brandon Montour Patrick Wey 60 1 2 2
2 Collin Miller Ethan Bear 40 1 2 2
Penalty Kill 4 Players Forward
Center Wing Time % Phy DF OF
1 Sergey Kalinin Jujhar Khaira 60 1 2 2
2 Devin Shore Teemu Hartikainen 40 1 2 2
Penalty Kill 4 Players Defense
Defense Defense Time % Phy DF OF
1 Martin Marincin Brandon Montour 60 1 2 2
2 Collin Miller Patrick Wey 40 1 2 2
Penalty Kill - 3 Players Forward
Forward Time % Phy DF OF
1 Sergey Kalinin 60 1 2 2
2 T.J. Tynan 40 1 2 2
Penalty Kill - 3 Players Defense
Defense Defense Time % Phy DF OF
1 Brandon Montour Martin Marincin 60 1 2 2
2 Roland McKeown Patrick Wey 40 1 2 2
4 vs 4 Forward
Center Wing Time % Phy DF OF
1 Sergey Kalinin Jujhar Khaira 60 1 2 2
2 Devin Shore Teemu Hartikainen 40 1 2 2
4 vs 4 Defense
Defense Defense Time % Phy DF OF
1 Martin Marincin Brandon Montour 60 1 2 2
2 Ethan Bear Patrick Wey 40 1 2 2
Last Minutes Offensive
Center Left Wing Right Wing Defense Defense
Devin Shore Jujhar Khaira Timo Meier Brandon Montour Patrick Wey
Last Minutes Defensive
Center Left Wing Right Wing Defense Defense
Sergey Kalinin Teemu Hartikainen Jujhar Khaira Brandon Montour Martin Marincin
Goaltenders
Starting : Anders Nilsson
Backup : Joonas Korpisalo
Extra Forwards
Normal : Teemu Hartikainen, Jujhar Khaira, Sergey Kalinin - PP : Teemu Hartikainen, Jujhar Khaira - PK : Devin Shore
Extra Defensemen
Normal : Patrick Wey, Roland McKeown, Ethan Bear - PP : Martin Marincin - PK : Patrick Wey, Brandon Montour
Penalty Shots
Jack Roslovic, Devin Shore, Petr Straka, T.J. Tynan, Valentin Zykov
Scratches
Scott Wilson (Healthy), Nikita Nesterov (Healthy), Hudson Fasching (Healthy), Tony DeAngelo (Separated Right Shoulder Injury), Christoffer Ehn (Healthy)
Alex Lintuniemi (Healthy), Eamon McAdam (Healthy)
Senators
5 vs 5 Forward
Center Left Wing Right Wing Time % Phy DF OF
1 Nathan Gerbe Nick Foligno Jonathan Ferland 40 1 2 2
2 Kevin Rooney Zemgus Girgensons Tomas Jurco 30 1 2 2
3 Chandler Stephenson Zachary Sanford Grant Besse 20 1 2 2
4 Jonathan Ferland A.J. Jenks Brett Bulmer 10 1 2 2
5 vs 5 Defense
Defense Defense Time % Phy DF OF
1 Anthony Bitetto Keegan Lowe 40 1 2 2
2 Scott Harrington Dylan Blujus 30 1 2 2
3 Eric Mestery Jack Dougherty 20 1 2 2
4 Philippe Myers Anthony Bitetto 10 1 2 2
PowerPlay Forward
Center Left Wing Right Wing Time % Phy DF OF
1 Nathan Gerbe Nick Foligno Jonathan Ferland 60 1 2 2
2 Kevin Rooney Zemgus Girgensons Tomas Jurco 40 1 2 2
PowerPlay Defense
Defense Defense Time % Phy DF OF
1 Anthony Bitetto Keegan Lowe 60 1 2 2
2 Scott Harrington Dylan Blujus 40 1 2 2
Penalty Kill 4 Players Forward
Center Wing Time % Phy DF OF
1 Jonathan Ferland Nathan Gerbe 60 1 2 2
2 Tomas Jurco Nick Foligno 40 1 2 2
Penalty Kill 4 Players Defense
Defense Defense Time % Phy DF OF
1 Anthony Bitetto Keegan Lowe 60 1 2 2
2 Scott Harrington Dylan Blujus 40 1 2 2
Penalty Kill - 3 Players Forward
Forward Time % Phy DF OF
1 Jonathan Ferland 60 1 2 2
2 Nathan Gerbe 40 1 2 2
Penalty Kill - 3 Players Defense
Defense Defense Time % Phy DF OF
1 Anthony Bitetto Keegan Lowe 60 1 2 2
2 Scott Harrington Dylan Blujus 40 1 2 2
4 vs 4 Forward
Center Wing Time % Phy DF OF
1 Jonathan Ferland Nathan Gerbe 60 1 2 2
2 Tomas Jurco Nick Foligno 40 1 2 2
4 vs 4 Defense
Defense Defense Time % Phy DF OF
1 Anthony Bitetto Keegan Lowe 60 1 2 2
2 Scott Harrington Dylan Blujus 40 1 2 2
Last Minutes Offensive
Center Left Wing Right Wing Defense Defense
Nathan Gerbe Nick Foligno Jonathan Ferland Anthony Bitetto Keegan Lowe
Last Minutes Defensive
Center Left Wing Right Wing Defense Defense
Nathan Gerbe Nick Foligno Jonathan Ferland Anthony Bitetto Keegan Lowe
Goaltenders
Starting : Justin Peters
Backup : Sami Aittokallio
Extra Forwards
Normal : Zachary Sanford, A.J. Jenks, Chandler Stephenson - PP : Zachary Sanford, A.J. Jenks - PK : Chandler Stephenson
Extra Defensemen
Normal : Eric Mestery, Jack Dougherty, Philippe Myers - PP : Eric Mestery - PK : Jack Dougherty, Philippe Myers
Penalty Shots
Jonathan Ferland, Nathan Gerbe, Tomas Jurco, Nick Foligno, Zemgus Girgensons
Scratches
Jordan Schroeder (Healthy), Zach Nastasiuk (Healthy), Anthony Richard (Healthy), Joel Eriksson Ek (Healthy), Jonas Siegenthaler (Healthy)
Mason Geertsen (Healthy), Blake Coleman (Healthy), Branden Troock (Healthy), Gustav Forsling (Healthy), Warren Foegele (Healthy)
Jake Evans (Healthy), Adam Ollas-Mattsson (Healthy), Maxim Letunov (Healthy), Pontus Sjalin (Healthy), Keven Bouchard (Healthy)
% Time on Ice - Sasquatch
Lines # - Real PCT - Wanted PCT - Time Play
Normal Forward
1 - 36% - 40% - 17:54
2 - 29% - 30% - 14:20
3 - 20% - 20% - 9:49
4 - 15% - 10% - 7:35
Normal Defense
1 - 40% - 40% - 19:46
2 - 29% - 30% - 14:19
3 - 27% - 20% - 13:14
4 - 5% - 10% - 2:19
PP Forward
1 - 57% - 60% - 1:08
2 - 43% - 40% - 0:51
PP Defense
1 - 67% - 60% - 1:20
2 - 33% - 40% - 0:39
PK Forward
1 - 82% - 60% - 6:51
2 - 18% - 40% - 1:32
PK Defense
1 - 56% - 60% - 4:42
2 - 44% - 40% - 3:41
PK3 Forward
1 - 0% - 60%
2 - 0% - 40%
PK3 Defense
1 - 0% - 60%
2 - 0% - 40%
44 Forward
1 - 0% - 60%
2 - 0% - 40%
44 Defense
1 - 0% - 60%
2 - 0% - 40%
Last Minute Offensive - 0:00
Last Minute Defensive - 0:00
Total
Forward - 60:00
Defense - 60:00
|
% Time on Ice - Senators
Lines # - Real PCT - Wanted PCT - Time Play
Normal Forward
1 - 33% - 40% - 16:19
2 - 30% - 30% - 15:05
3 - 24% - 20% - 11:42
4 - 13% - 10% - 6:32
Normal Defense
1 - 34% - 40% - 16:56
2 - 30% - 30% - 14:59
3 - 24% - 20% - 11:53
4 - 12% - 10% - 5:50
PP Forward
1 - 53% - 60% - 4:26
2 - 47% - 40% - 3:57
PP Defense
1 - 62% - 60% - 5:13
2 - 38% - 40% - 3:10
PK Forward
1 - 78% - 60% - 1:33
2 - 22% - 40% - 0:26
PK Defense
1 - 60% - 60% - 1:11
2 - 40% - 40% - 0:48
PK3 Forward
1 - 0% - 60%
2 - 0% - 40%
PK3 Defense
1 - 0% - 60%
2 - 0% - 40%
44 Forward
1 - 0% - 60%
2 - 0% - 40%
44 Defense
1 - 0% - 60%
2 - 0% - 40%
Last Minute Offensive - 0:00
Last Minute Defensive - 0:00
Total
Forward - 60:00
Defense - 60:00
|
Play-by-Play
1st period
0:01 of 1st period - Nathan Gerbe wins face-off versus Devin Shore in neutral zone.
0:52 of 1st period - Wrist shot by Teemu Hartikainen.
0:52 of 1st period - Stopped by Justin Peters without a rebound.
0:53 of 1st period - Brett Bulmer wins face-off versus Jack Roslovic in Senators zone.
1:06 of 1st period - Slapshot by A.J. Jenks.
1:06 of 1st period - Stopped by Anders Nilsson with a rebound.
1:27 of 1st period - Wrist shot by Timo Meier.
1:27 of 1st period - Shot Misses the Net.
1:39 of 1st period - Wrist shot by Chandler Stephenson.
1:39 of 1st period - Shot Misses the Net.
2:38 of 1st period - Jujhar Khaira is hit by Zemgus Girgensons and loses puck.
3:42 of 1st period - Snap shot by Chandler Stephenson.
3:42 of 1st period - Shot Misses the Net.
3:44 of 1st period - Wrist shot by Jack Dougherty.
3:44 of 1st period - Goal by Jack Dougherty - Sasquatch : 0 - Senators : 1.
3:45 of 1st period - Nathan Gerbe wins face-off versus Devin Shore in neutral zone.
3:48 of 1st period - Slapshot by Jonathan Ferland.
3:48 of 1st period - Shot Misses the Net.
3:50 of 1st period - Snap shot by Jonathan Ferland.
3:50 of 1st period - Shot Misses the Net.
3:52 of 1st period - Wrist shot by Jonathan Ferland.
3:52 of 1st period - Stopped by Anders Nilsson with a rebound.
4:19 of 1st period - Dylan Blujus is hit by Petr Straka and loses puck.
4:45 of 1st period - Wrist shot by Sam Reinhart.
4:45 of 1st period - Stopped by Justin Peters without a rebound.
4:46 of 1st period - Devin Shore wins face-off versus Nathan Gerbe in Senators zone.
4:47 of 1st period - Snap shot by Jujhar Khaira.
4:47 of 1st period - Shot Misses the Net.
4:49 of 1st period - Slapshot by Devin Shore.
4:49 of 1st period - Stopped by Justin Peters with a rebound.
4:51 of 1st period - Slapshot by Brandon Montour.
4:51 of 1st period - Stopped by Justin Peters with a rebound.
4:53 of 1st period - Slapshot by Patrick Wey.
4:53 of 1st period - Stopped by Justin Peters without a rebound.
4:54 of 1st period - Nick Foligno wins face-off versus Timo Meier in Senators zone.
4:54 of 1st period - Nick Foligno is hit by Devin Shore.
5:22 of 1st period - Jujhar Khaira is hit by Anthony Bitetto and loses puck.
5:38 of 1st period - Icing by Nick Foligno.
5:39 of 1st period - Nathan Gerbe wins face-off versus T.J. Tynan in Senators zone.
5:52 of 1st period - Snap shot by T.J. Tynan.
5:52 of 1st period - Stopped by Justin Peters without a rebound.
5:53 of 1st period - Sergey Kalinin wins face-off versus Kevin Rooney in Senators zone.
6:02 of 1st period - Wrist shot by Kevin Rooney.
6:02 of 1st period - Shot Blocked by Teemu Hartikainen.
6:18 of 1st period - Dylan Blujus is hit by Petr Straka and loses puck.
7:19 of 1st period - Wrist shot by Chandler Stephenson.
7:19 of 1st period - Shot Misses the Net.
7:35 of 1st period - Snap shot by Petr Straka.
7:35 of 1st period - Stopped by Justin Peters without a rebound.
7:36 of 1st period - Nathan Gerbe wins face-off versus T.J. Tynan in Senators zone.
8:02 of 1st period - Dylan Blujus is hit by Timo Meier and loses puck.
8:47 of 1st period - Snap shot by Nathan Gerbe.
8:47 of 1st period - Deflect By Jonathan Ferland.
8:47 of 1st period - Deflect By Patrick Wey.
8:47 of 1st period - Stopped by Anders Nilsson with a rebound.
8:49 of 1st period - Wrist shot by Jonathan Ferland.
8:49 of 1st period - Stopped by Anders Nilsson without a rebound.
8:50 of 1st period - Devin Shore wins face-off versus Nathan Gerbe in Sasquatch zone.
9:11 of 1st period - Icing by Petr Straka.
9:12 of 1st period - T.J. Tynan wins face-off versus Kevin Rooney in Sasquatch zone.
9:12 of 1st period - T.J. Tynan is hit by Zemgus Girgensons.
9:26 of 1st period - Petr Straka is hit by Zemgus Girgensons and loses puck.
10:07 of 1st period - Slapshot by Teemu Hartikainen.
10:07 of 1st period - Stopped by Justin Peters without a rebound.
10:08 of 1st period - Grant Besse wins face-off versus T.J. Tynan in Senators zone.
10:59 of 1st period - Snap shot by Chandler Stephenson.
10:59 of 1st period - Shot Blocked by Patrick Wey.
11:01 of 1st period - Slapshot by Zachary Sanford.
11:01 of 1st period - Shot Blocked by Devin Shore.
11:03 of 1st period - Slapshot by Anthony Bitetto.
11:03 of 1st period - Deflect By Zachary Sanford.
11:03 of 1st period - Stopped by Anders Nilsson with a rebound.
11:05 of 1st period - Snap shot by Anthony Bitetto.
11:05 of 1st period - Shot Misses the Net.
11:07 of 1st period - Snap shot by Anthony Bitetto.
11:07 of 1st period - Stopped by Anders Nilsson with a rebound.
11:09 of 1st period - Slapshot by Anthony Bitetto.
11:09 of 1st period - Stopped by Anders Nilsson without a rebound.
11:10 of 1st period - T.J. Tynan wins face-off versus Nathan Gerbe in Sasquatch zone.
11:25 of 1st period - Keegan Lowe is hit by Martin Marincin and loses puck.
11:44 of 1st period - Wrist shot by Tomas Jurco.
11:44 of 1st period - Stopped by Anders Nilsson with a rebound.
12:28 of 1st period - Wrist shot by Devin Shore.
12:28 of 1st period - Stopped by Justin Peters without a rebound.
12:29 of 1st period - Devin Shore wins face-off versus Nathan Gerbe in Senators zone.
12:30 of 1st period - Snap shot by Jujhar Khaira.
12:30 of 1st period - Stopped by Justin Peters without a rebound.
12:31 of 1st period - Devin Shore wins face-off versus Nathan Gerbe in Senators zone.
13:15 of 1st period - Snap shot by Zachary Sanford.
13:15 of 1st period - Shot Misses the Net.
13:21 of 1st period - Snap shot by Zachary Sanford.
13:21 of 1st period - Shot Misses the Net.
13:35 of 1st period - Icing by Chandler Stephenson.
13:36 of 1st period - Jack Roslovic wins face-off versus Nick Foligno in Senators zone.
13:37 of 1st period - Slapshot by Valentin Zykov.
13:37 of 1st period - Stopped by Justin Peters with a rebound.
13:39 of 1st period - Slapshot by Martin Marincin.
13:39 of 1st period - Stopped by Justin Peters without a rebound.
13:40 of 1st period - Jack Roslovic wins face-off versus Nathan Gerbe in Senators zone.
13:43 of 1st period - Snap shot by Valentin Zykov.
13:43 of 1st period - Stopped by Justin Peters without a rebound.
13:44 of 1st period - Nathan Gerbe wins face-off versus Devin Shore in Senators zone.
13:53 of 1st period - Snap shot by Jujhar Khaira.
13:53 of 1st period - Stopped by Justin Peters without a rebound.
13:54 of 1st period - Nathan Gerbe wins face-off versus Devin Shore in Senators zone.
14:26 of 1st period - Wrist shot by Jujhar Khaira.
14:26 of 1st period - Stopped by Justin Peters with a rebound.
14:47 of 1st period - Off-side.
14:48 of 1st period - Petr Straka wins face-off versus Kevin Rooney in neutral zone.
15:03 of 1st period - Wrist shot by Petr Straka.
15:03 of 1st period - Shot Misses the Net.
16:43 of 1st period - Slapshot by Valentin Zykov.
16:43 of 1st period - Shot Misses the Net.
16:45 of 1st period - Slapshot by Collin Miller.
16:45 of 1st period - Stopped by Justin Peters with a rebound.
16:54 of 1st period - Icing by Anthony Bitetto.
16:55 of 1st period - T.J. Tynan wins face-off versus Kevin Rooney in Senators zone.
17:08 of 1st period - Snap shot by T.J. Tynan.
17:08 of 1st period - Deflect By Anthony Bitetto.
17:08 of 1st period - Goal by T.J. Tynan - Sasquatch : 1 - Senators : 1.
17:09 of 1st period - Nathan Gerbe wins face-off versus Timo Meier in neutral zone.
17:44 of 1st period - Wrist shot by Zachary Sanford.
17:44 of 1st period - Goal by Zachary Sanford - Sasquatch : 1 - Senators : 2.
17:45 of 1st period - Nathan Gerbe wins face-off versus T.J. Tynan in neutral zone.
18:17 of 1st period - Wrist shot by Zemgus Girgensons.
18:17 of 1st period - Goal by Zemgus Girgensons - Sasquatch : 1 - Senators : 3.
18:18 of 1st period - Nathan Gerbe wins face-off versus Devin Shore in neutral zone.
18:21 of 1st period - Snap shot by Jonathan Ferland.
18:21 of 1st period - Stopped by Anders Nilsson with a rebound.
18:23 of 1st period - Snap shot by Jonathan Ferland.
18:23 of 1st period - Shot Misses the Net.
18:25 of 1st period - Slapshot by Nathan Gerbe.
18:25 of 1st period - Shot Misses the Net.
18:27 of 1st period - Wrist shot by Nick Foligno.
18:27 of 1st period - Stopped by Anders Nilsson without a rebound.
18:28 of 1st period - Nathan Gerbe wins face-off versus Devin Shore in Sasquatch zone.
18:45 of 1st period - Snap shot by Nathan Gerbe.
18:45 of 1st period - Stopped by Anders Nilsson with a rebound.
18:47 of 1st period - Snap shot by Nick Foligno.
18:47 of 1st period - Shot Blocked by Devin Shore.
18:49 of 1st period - Snap shot by Nick Foligno.
18:49 of 1st period - Shot Misses the Net.
19:22 of 1st period - Slapshot by Nathan Gerbe.
19:22 of 1st period - Shot Misses the Net.
19:24 of 1st period - Wrist shot by Nick Foligno.
19:24 of 1st period - Shot Blocked by Brandon Montour.
19:26 of 1st period - Snap shot by Nathan Gerbe.
19:26 of 1st period - Stopped by Anders Nilsson without a rebound.
19:27 of 1st period - Zemgus Girgensons wins face-off versus T.J. Tynan in Sasquatch zone.
19:35 of 1st period - Off-side.
19:36 of 1st period - T.J. Tynan wins face-off versus Kevin Rooney in neutral zone.
19:54 of 1st period - Minor Penalty to Kevin Rooney for Holding.
19:55 of 1st period - Timo Meier wins face-off versus Jonathan Ferland in Senators zone.
Goals for this period are 1 for Sasquatch vs 3 for Senators.
Shots for this period are 17 for Sasquatch vs 15 for Senators.
2nd period
0:01 of 2nd period - Jonathan Ferland wins face-off versus Devin Shore in neutral zone.
1:21 of 2nd period - Nick Foligno is hit by Timo Meier and loses puck.
1:52 of 2nd period - Dylan Blujus is hit by Roope Hintz and loses puck.
1:54 of 2nd period - Penalty to Kevin Rooney is over, Kevin Rooney is back on ice.
2:01 of 2nd period - Jonathan Ferland is hit by Teemu Hartikainen and loses puck.
2:11 of 2nd period - Off-side.
2:12 of 2nd period - Chandler Stephenson wins face-off versus Jack Roslovic in neutral zone.
2:44 of 2nd period - Snap shot by Sergey Kalinin.
2:44 of 2nd period - Stopped by Justin Peters without a rebound.
2:45 of 2nd period - Kevin Rooney wins face-off versus Roope Hintz in Senators zone.
4:22 of 2nd period - Slapshot by Zemgus Girgensons.
4:22 of 2nd period - Shot Misses the Net.
4:24 of 2nd period - Snap shot by Tomas Jurco.
4:24 of 2nd period - Stopped by Anders Nilsson without a rebound.
4:25 of 2nd period - Jonathan Ferland wins face-off versus Devin Shore in Sasquatch zone.
5:03 of 2nd period - Snap shot by Roope Hintz.
5:03 of 2nd period - Shot Blocked by Scott Harrington.
5:55 of 2nd period - Anthony Bitetto is hit by T.J. Tynan and loses puck.
6:12 of 2nd period - Snap shot by Jack Roslovic.
6:12 of 2nd period - Shot Misses the Net.
6:38 of 2nd period - Nathan Gerbe is hit by Dylan Sikura and loses puck.
8:01 of 2nd period - Nick Foligno is hit by Collin Miller and loses puck.
8:21 of 2nd period - A.J. Jenks is hit by Timo Meier and loses puck.
8:37 of 2nd period - Icing by Martin Marincin.
8:38 of 2nd period - Sergey Kalinin wins face-off versus Kevin Rooney in Sasquatch zone.
9:06 of 2nd period - Icing by Timo Meier.
9:07 of 2nd period - Nathan Gerbe wins face-off versus Jujhar Khaira in Sasquatch zone.
9:10 of 2nd period - Wrist shot by Nick Foligno.
9:10 of 2nd period - Shot Misses the Net.
9:12 of 2nd period - Snap shot by Keegan Lowe.
9:12 of 2nd period - Shot Misses the Net.
9:48 of 2nd period - Devin Shore is hit by Grant Besse and loses puck.
9:59 of 2nd period - Snap shot by Chandler Stephenson.
9:59 of 2nd period - Deflect By Zachary Sanford.
9:59 of 2nd period - Shot Misses the Net.
9:59 of 2nd period - Puck is out of play.
10:00 of 2nd period - T.J. Tynan wins face-off versus Nathan Gerbe in Sasquatch zone.
10:21 of 2nd period - Minor Penalty to Roope Hintz for Tripping.
10:22 of 2nd period - Jujhar Khaira wins face-off versus Nick Foligno in Sasquatch zone.
12:21 of 2nd period - Penalty to Roope Hintz is over, Roope Hintz is back on ice.
12:32 of 2nd period - T.J. Tynan is hit by Grant Besse and loses puck.
13:26 of 2nd period - Icing by Eric Mestery.
13:27 of 2nd period - Kevin Rooney wins face-off versus T.J. Tynan in Senators zone.
13:46 of 2nd period - Wrist shot by Teemu Hartikainen.
13:46 of 2nd period - Stopped by Justin Peters with a rebound.
14:04 of 2nd period - Anthony Bitetto is hit by Petr Straka.
14:20 of 2nd period - Tomas Jurco is hit by Martin Marincin and loses puck.
14:21 of 2nd period - Tomas Jurco from Senators is injured at 14:21 of 2nd period (Back Spasms).
14:22 of 2nd period - Devin Shore wins face-off versus Nathan Gerbe in Senators zone.
14:29 of 2nd period - Snap shot by Jujhar Khaira.
14:29 of 2nd period - Shot Misses the Net.
14:35 of 2nd period - Wrist shot by Jujhar Khaira.
14:35 of 2nd period - Stopped by Justin Peters without a rebound.
14:36 of 2nd period - T.J. Tynan wins face-off versus Nathan Gerbe in Senators zone.
14:37 of 2nd period - Snap shot by Roope Hintz.
14:37 of 2nd period - Stopped by Justin Peters with a rebound.
14:57 of 2nd period - Minor Penalty to T.J. Tynan for Roughing.
14:58 of 2nd period - Nathan Gerbe wins face-off versus Sergey Kalinin in Sasquatch zone.
15:01 of 2nd period - Snap shot by Nathan Gerbe.
15:01 of 2nd period - Stopped by Anders Nilsson without a rebound.
15:02 of 2nd period - Nathan Gerbe wins face-off versus Sergey Kalinin in Sasquatch zone.
15:05 of 2nd period - Backhand shot by Nathan Gerbe.
15:05 of 2nd period - Stopped by Anders Nilsson without a rebound.
15:06 of 2nd period - Sergey Kalinin wins face-off versus Nathan Gerbe in Sasquatch zone.
15:06 of 2nd period - Sergey Kalinin is hit by Nick Foligno.
15:24 of 2nd period - Wrist shot by Nick Foligno.
15:24 of 2nd period - Goal by Nick Foligno - Sasquatch : 1 - Senators : 4.
15:24 of 2nd period - Joonas Korpisalo enters game.
15:25 of 2nd period - Devin Shore wins face-off versus Nathan Gerbe in neutral zone.
15:40 of 2nd period - Snap shot by Devin Shore.
15:40 of 2nd period - Shot Misses the Net.
15:52 of 2nd period - Patrick Wey is hit by Zachary Sanford and loses puck.
16:26 of 2nd period - Icing by Patrick Wey.
16:27 of 2nd period - Chandler Stephenson wins face-off versus Jack Roslovic in Sasquatch zone.
16:54 of 2nd period - Devin Shore is hit by Nathan Gerbe and loses puck.
17:23 of 2nd period - Snap shot by T.J. Tynan.
17:23 of 2nd period - Stopped by Justin Peters with a rebound.
17:32 of 2nd period - Off-side.
17:33 of 2nd period - Jonathan Ferland wins face-off versus Sergey Kalinin in neutral zone.
17:59 of 2nd period - Collin Miller is hit by Zemgus Girgensons.
18:19 of 2nd period - Snap shot by Jonathan Ferland.
18:19 of 2nd period - Shot Misses the Net.
18:47 of 2nd period - Slapshot by Zemgus Girgensons.
18:47 of 2nd period - Shot Blocked by Jack Roslovic.
19:02 of 2nd period - Valentin Zykov is hit by A.J. Jenks and loses puck.
19:35 of 2nd period - Martin Marincin is hit by Scott Harrington and loses puck.
Goals for this period are 0 for Sasquatch vs 1 for Senators.
Shots for this period are 5 for Sasquatch vs 4 for Senators.
3rd period
0:01 of 3rd period - Devin Shore wins face-off versus Nathan Gerbe in neutral zone.
0:04 of 3rd period - Backhand shot by Brandon Montour.
0:04 of 3rd period - Shot Blocked by Anthony Bitetto.
0:22 of 3rd period - Minor Penalty to Jujhar Khaira for Tripping.
0:23 of 3rd period - Jonathan Ferland wins face-off versus Devin Shore in Sasquatch zone.
0:38 of 3rd period - Martin Marincin is hit by Nick Foligno and loses puck.
0:49 of 3rd period - Zemgus Girgensons is hit by Martin Marincin and loses puck.
2:22 of 3rd period - Penalty to Jujhar Khaira is over, Jujhar Khaira is back on ice.
2:26 of 3rd period - Wrist shot by Jack Roslovic.
2:26 of 3rd period - Stopped by Justin Peters with a rebound.
2:32 of 3rd period - Brandon Montour is hit by A.J. Jenks and loses puck.
3:02 of 3rd period - Jujhar Khaira is hit by Jonathan Ferland and loses puck.
3:19 of 3rd period - Wrist shot by Teemu Hartikainen.
3:19 of 3rd period - Stopped by Justin Peters without a rebound.
3:20 of 3rd period - Kevin Rooney wins face-off versus Teemu Hartikainen in Senators zone.
3:41 of 3rd period - Jack Roslovic is hit by A.J. Jenks and loses puck.
4:02 of 3rd period - Wrist shot by Jujhar Khaira.
4:02 of 3rd period - Goal by Jujhar Khaira - Sasquatch : 2 - Senators : 4.
4:03 of 3rd period - Nathan Gerbe wins face-off versus Devin Shore in neutral zone.
4:16 of 3rd period - Snap shot by Jujhar Khaira.
4:16 of 3rd period - Shot Misses the Net.
5:25 of 3rd period - Wrist shot by Sergey Kalinin.
5:25 of 3rd period - Stopped by Justin Peters without a rebound.
5:26 of 3rd period - Nathan Gerbe wins face-off versus Devin Shore in Senators zone.
5:45 of 3rd period - Ethan Bear is hit by Jonathan Ferland and loses puck.
5:58 of 3rd period - Slapshot by Nathan Gerbe.
5:58 of 3rd period - Goal by Nathan Gerbe - Sasquatch : 2 - Senators : 5.
5:59 of 3rd period - T.J. Tynan wins face-off versus Kevin Rooney in neutral zone.
6:17 of 3rd period - Minor Penalty to Roope Hintz for Holding Stick.
6:18 of 3rd period - Sergey Kalinin wins face-off versus Nathan Gerbe in Sasquatch zone.
6:28 of 3rd period - Slapshot by Keegan Lowe.
6:28 of 3rd period - Deflect By Jonathan Ferland.
6:28 of 3rd period - Stopped by Joonas Korpisalo without a rebound.
6:29 of 3rd period - Nathan Gerbe wins face-off versus Jujhar Khaira in Sasquatch zone.
6:30 of 3rd period - Wrist shot by Jonathan Ferland.
6:30 of 3rd period - Shot Misses the Net.
6:32 of 3rd period - Snap shot by Jonathan Ferland.
6:32 of 3rd period - Stopped by Joonas Korpisalo with a rebound.
8:17 of 3rd period - Penalty to Roope Hintz is over, Roope Hintz is back on ice.
8:27 of 3rd period - Roope Hintz is hit by Zachary Sanford and loses puck.
8:32 of 3rd period - Wrist shot by Chandler Stephenson.
8:32 of 3rd period - Shot Misses the Net.
9:04 of 3rd period - Slapshot by Brandon Montour.
9:04 of 3rd period - Deflect By Sam Reinhart.
9:04 of 3rd period - Shot Blocked by Jack Dougherty.
9:04 of 3rd period - Puck is out of play.
9:05 of 3rd period - Sergey Kalinin wins face-off versus Chandler Stephenson in Senators zone.
9:26 of 3rd period - Slapshot by Keegan Lowe.
9:26 of 3rd period - Deflect By Zemgus Girgensons.
9:26 of 3rd period - Stopped by Joonas Korpisalo without a rebound.
9:27 of 3rd period - Kevin Rooney wins face-off versus Timo Meier in Sasquatch zone.
9:32 of 3rd period - Wrist shot by A.J. Jenks.
9:32 of 3rd period - Shot Blocked by Roland McKeown.
9:52 of 3rd period - Backhand shot by Dylan Blujus.
9:52 of 3rd period - Stopped by Joonas Korpisalo without a rebound.
9:53 of 3rd period - Nathan Gerbe wins face-off versus T.J. Tynan in Sasquatch zone.
10:39 of 3rd period - Minor Penalty to Devin Shore for Holding.
10:40 of 3rd period - Nathan Gerbe wins face-off versus Sergey Kalinin in Sasquatch zone.
12:39 of 3rd period - Penalty to Devin Shore is over, Devin Shore is back on ice.
13:20 of 3rd period - Kevin Rooney is hit by Collin Miller and loses puck.
14:14 of 3rd period - Dylan Blujus is hit by Sam Reinhart and loses puck.
14:37 of 3rd period - Nick Foligno is hit by T.J. Tynan and loses puck.
16:15 of 3rd period - T.J. Tynan is hit by Philippe Myers.
16:25 of 3rd period - Nick Foligno is hit by Jack Roslovic and loses puck.
16:29 of 3rd period - Icing by Philippe Myers.
16:30 of 3rd period - Jack Roslovic wins face-off versus Nathan Gerbe in Senators zone.
18:36 of 3rd period - Snap shot by Jujhar Khaira.
18:36 of 3rd period - Shot Misses the Net.
Goals for this period are 1 for Sasquatch vs 1 for Senators.
Shots for this period are 4 for Sasquatch vs 5 for Senators.